 Dungeon Crawl Stone Soup version 0.28.0-43-g3370ac3207 (webtiles) character file.

Game seed: 16674579045821302817

98 mortz the Skirmisher (level 4, -4/41 HPs)
             Began as a Hill Orc Monk on Mar 28, 2022.
             Was a Believer of Trog.
             Killed by divine providence
             ... invoked by an orc priest
              (14 damage)
             ... on level 3 of the Dungeon on Mar 29, 2022.
             The game lasted 00:09:36 (2678 turns).

mortz the Skirmisher (Hill Orc Monk)                Turns: 2678, Time: 00:09:37

Health: -4/41      AC:  2    Str: 15    XL:     4   Next: 71%
Magic:  4/4        EV: 12    Int: 10    God:    Trog [**....]
Gold:   102        SH:  0    Dex: 13    Spells: 3/3 levels left

rFire   . . .      SeeInvis .   q - +2 rapier (vamp) {short}
rCold   . . .      Faith    .   (no shield)
rNeg    . . .      Spirit   .   b - +0 robe
rPois   .          Reflect  .   (no helmet)
rElec   .          Harm     .   (no cloak)
rCorr   .          Rampage  .   (no gloves)
Will    ++...                   (no boots)
Stlth   ++........              (no amulet)
HPRegen 1.13/turn               (no ring)
MPRegen 0.09/turn               (no ring)

@: strong-willed (expiring), regenerating (expiring)
A: no striking features
a: Renounce Religion, Convert to Beogh, Berserk, Trog's Hand


You were on level 3 of the Dungeon.
You worshipped Trog.
Trog was pleased with you.
You visited 1 branch of the dungeon, and saw 3 of its levels.

You collected 102 gold pieces.


   Skills:
 + Level 4.5 Fighting
 + Level 0.2(2.3) Short Blades
 + Level 4.3 Long Blades
 + Level 2.8 Dodging
 + Level 2.3 Stealth


You had 3 spell levels left.
You didn't know any spells.
Your spell library was empty.

Inventory:

Hand Weapons
 a - a +0 falchion {long}
 q - a +2 vampiric rapier (weapon) {short}
   (You found it on level 3 of the Dungeon)
Missiles
 c - 75 stones (quivered) {throwing}
 g - 20 bolts
 i - 2 throwing nets {=f!fthrowing}
 n - 15 sling bullets
Armour
 b - a +0 robe (worn)
Scrolls
 d - 2 scrolls of enchant weapon {unknown}
 e - 2 scrolls of holy word {unknown}
 f - 2 scrolls of magic mapping {unknown}
 j - a scroll of immolation {unknown}
 k - 3 scrolls of blinking {unknown}
 l - a scroll of fear {unknown}
 p - 2 scrolls of identify {unknown}
 r - a scroll of silence {unknown}
Potions
 h - a potion of heal wounds {unknown}
 m - a potion of lignification {unknown}
 o - a potion of ambrosia {unknown}

Dungeon Overview and Level Annotations

Branches:
Dungeon (3/15)

Altars:
Okawaru
Trog

............#..).
###.###.####.#...
#.#...#####.#.#
#.............#
######...........###
. .........#########
... ######.[#
.....######..#
.....So@.....#
....########.# # #.#
#.# #.# .. .#


You could see an orc priest and a ball python.


Message History

You see here a +0 hand axe {axe}.
A quokka comes into view.
A ball python comes into view.
You see here a scroll labelled EPTE NATTO.
d - 2 scrolls labelled EPTE NATTO (gained 1)
An orc comes into view.
It is wielding a +0 vorpal flail and quivering silver boomerangs.
The quokka barely misses you.
You miss the quokka.
The orc shouts!
You hear a shout! x2
An orc priest comes into view. It is wielding a +0 whip.
The quokka closely misses you.
You closely miss the quokka.
The orc sings a few bars from the Orcish anthem.
The quokka barely misses you.
The orc priest calls down the wrath of Beogh upon you.
Beogh smites you! 😮 HP[-12]
You take 12 damage, and now have 29/41 hp.
MASSIVE DAMAGE!! (PAUSE)
The orc priest shouts, "Join the one true god or die!" (press Y on the ability menu to convert to Beogh)
You hit the quokka.
You feel better.
You kill the quokka!
Trog accepts your kill.
An orc comes into view. It is wielding a +0 whip. 😕 HP[+2]
You regained 2 hp, and now have 31/41 hp.
You completely miss the ball python. The ball python closely misses you. x2
The orc priest mumbles some strange prayers to Beogh against you.
Beogh smites you! The ball python closely misses you.
The ball python grabs you.
The ball python constricts you. 😮 HP[-9]
You take 9 damage, and now have 22/41 hp.
MASSIVE DAMAGE!! (PAUSE)
You hit the ball python.
You feel better.
The orc priest miscasts a cantrip.
The ball python bites you.
The ball python constricts you. 😮 HP[+1]
You hit the ball python.
You feel better.
You kill the ball python!
Trog accepts your kill. 😮 HP[+1]
You hit the orc.
You feel better.
A ball python comes into view.
The orc hits you with a +0 vorpal flail. 😮 HP[-1]
You take 1 damage, and now have 23/41 hp.
You barely miss the orc.
The orc hits you with a +0 vorpal flail.
* * * LOW HITPOINT WARNING * * *
x2 😨 HP[-6]
You take 6 damage, and now have 17/41 hp.
The ball python hisses angrily.
You hit the orc.
You feel better. The orc barely misses you. 😨 HP[+1]
You barely miss the orc. The orc barely misses you.
You hit the orc but do no damage.
The orc hits you with a +0 vorpal flail!
* * * LOW HITPOINT WARNING * * *
x2 😱 HP[-8]
You take 8 damage, and now have 10/41 hp.
Your skin crawls.
You feel strong-willed. The orc barely misses you. 😨 HP[+1]
You puncture the orc!
You kill the orc!
Trog accepts your kill. 😨 HP[+1]
You puncture the orc!
You feel better.
You kill the orc!
Trog accepts your kill.
The orc priest mumbles some strange prayers to Beogh against you.
Beogh smites you!
* * * LOW HITPOINT WARNING * * *
😱 HP[-7]
You take 7 damage, and now have 5/41 hp. 😱 HP[+1]
You closely miss the orc priest.
The orc priest shouts, "Surrender to Beogh and we'll let you live!"
The orc priest hits you with a +0 whip.
* * * LOW HITPOINT WARNING * * *
😱 HP[-2]
You take 2 damage, and now have 4/41 hp.
You hit the orc priest but do no damage.
The orc priest invokes the aid of Beogh against you.
You resist with almost no effort. 😱 HP[+2]
You regained 2 hp, and now have 6/41 hp.
You closely miss the orc priest.
You feel the effects of Trog's Hand fading.
The orc priest hits you with a +0 whip.
* * * LOW HITPOINT WARNING * * *
😱 HP[-1]
You take 1 damage, and now have 5/41 hp.
You hit the orc priest.
You feel better.
The orc priest calls down the wrath of Beogh upon you.
Beogh smites you!
You die...

Skill      XL: |  1  2  3 |
---------------+----------+-----
Fighting       | 4 |  4.5
Stealth        | 2 |  2.3
Long Blades    | 4 |  4.3
Short Blades   | |  0.2
Dodging        | |  2.8

Action                   |  1- 3 |  4- 6 || total
-------------------------+-------+-------++-------
Melee: Falchion          |   101 |       ||   101
       Rapier            |     3 |    42 ||    45
Throw: Stone             |     6 |       ||     6
Invok: Trog's Hand       |     1 |     1 ||     2
       Berserk           |     1 |       ||     1
 Stab: Sleeping          |     4 |       ||     4
Armor: Robe              |    24 |     7 ||    31
Dodge: Dodged            |    53 |    20 ||    73

Levels and vault maps discovered:
D:1:      mrwooster_arrival_statue_3, layout_loops_ring,
          ebering_ecumenical_altar_hall
D:2:      layout_basic, basic_altar
D:3:      layout_loops_ring, lemuel_round_altar,
          mainiacjoe_overflow_small_starburst, uniq_natasha

Notes
Turn   | Place    | Note
-------+----------+-------------------------------------------
     0 | D:1      | mortz the Hill Orc Monk began the quest for the Orb.
     0 | D:1      | Reached XP level 1. HP: 19/19 MP: 1/1
     0 | D:1      | magus.rc [v1.9.6]
   432 | D:1      | Reached XP level 2. HP: 26/27 MP: 2/2
   448 | D:1      | Found a faded altar of an unknown god.
  1173 | D:2      | Reached skill level 4 in Fighting
  1443 | D:2      | Found a bloodstained altar of Trog.
  1451 | D:2      | Reached XP level 3. HP: 29/33 MP: 3/3
  1460 | D:2      | Became a worshipper of Trog the Wrathful
  1460 | D:2      | Reached * piety under Trog
  1460 | D:2      | Reached ** piety under Trog
  2003 | D:2      | Reached skill level 2 in Stealth
  2217 | D:3      | Reached skill level 4 in Long Blades
  2223 | D:3      | Reached XP level 4. HP: 41/41 MP: 4/4
  2301 | D:3      | Noticed Natasha
  2309 | D:3      | Killed Natasha
  2453 | D:3      | Found an iron altar of Okawaru.
  2670 | D:3      | HP: 10/41 [orc/+0 vorpal flail (1)]
  2675 | D:3      | HP: 4/41 [orc priest/+0 whip (3)]
  2678 | D:3      | Killed from afar by an orc priest

Vanquished Creatures
  Natasha (D:3)
  2 adders (D:2)
  A worm (D:2)
  3 dart slugs
  2 orcs (D:3)
  3 ball pythons (D:3)
  4 endoplasms
  A giant cockroach (D:1)
  3 goblins
  3 hobgoblins
  3 jackals (D:3)
  3 quokkas
  3 bats (D:1)
  A frilled lizard (D:3)
  4 kobolds
  7 rats
44 creatures vanquished.

Table legend:
 A = Non-vault XP
 B = Vault XP
 C = Vault XP percentage of total XP
 D = Non-vault monster count
 E = Vault monster count
 F = Vault count percentage of total count
                 A         B        C        D         E       F
            +---------+---------+-------+---------+---------+-------
      Total |     106 |      35 |  24.8 |      43 |       1 |   2.3
            +---------+---------+-------+---------+---------+-------
        D:1 |      20 |       0 |   0.0 |      13 |       0 |   0.0
        D:2 |      57 |       0 |   0.0 |      16 |       0 |   0.0
        D:3 |      29 |      35 |  54.7 |      14 |       1 |   6.7
            +---------+---------+-------+---------+---------+-------

Illustrated notes

Table legend:
 A = Kills in this place as a percentage of kills in entire the game.
 B = Kills by you in this place as a percentage of kills by you in the entire game.
 C = Kills by friends in this place as a percentage of kills by friends in the entire game.
 D = Other kills in this place as a percentage of other kills in the entire game.
 E = Experience gained in this place as a percentage of experience gained in the entire game.
 F = Experience gained in this place divided by the number of levels of this place that you have seen.
                   A       B       C       D       E      F
               +-------+-------+-------+-------+-------+----------------------
         Total | 100.0 | 100.0 |   N/A |   N/A | 100.0 |  47.0
       Dungeon | 100.0 | 100.0 |   N/A |   N/A | 100.0 |  47.0
               +-------+-------+-------+-------+-------+----------------------

Table legend: (Time is in decaauts)
 A = Elapsed time spent in this place.
 B = Non-inter-level travel time spent in this place.
 C = Inter-level travel time spent in this place.
 D = Time resting spent in this place.
 E = Time spent auto-exploring this place.
 F = Levels seen in this place.
 G = Mean time per level.
                   A        B        C        D        E       F      G
               +--------+--------+--------+--------+--------+-----+--------+
         Total |   2701 |   2673 |     28 |     64 |   2220 |   3 |  900.3 |
       Dungeon |   2701 |   2673 |     28 |     64 |   2220 |   3 |  900.3 |
               +--------+--------+--------+--------+--------+-----+--------+

Top non-repeatable levels by time:
     D:2: 1221 daAuts
     D:1: 1005 daAuts
     D:3: 475 daAuts
